 Dungeon Sprint DCSS version 0.27-a0-1217-g8a41f320e8 (webtiles) character file.

Game seed: 4637080352471611541

299504 mhtbhm the Executioner (level 14, 125/151 HPs)
             Began as a Minotaur Berserker on June 5, 2021.
             Was the Champion of Trog.
             Escaped with the Orb!
             The game lasted 00:12:59 (7288 turns).

mhtbhm the Executioner (Minotaur Berserker)         Turns: 7288, Time: 00:13:00

Health: 125/151    AC: 13    Str: 30    XL:     14   Next: 1%
Magic:  1/13       EV: 18    Int:  7    God:    Trog [******]
Gold:   58         SH:  0    Dex: 14    Spells: 13/13 levels left

rFire    . . .     SeeInvis +   a - +10 battleaxe of Domination {holy, rElec rC- rCorr Int+3 Dex-2 SInv}
rCold    + . .     Faith    +   (shield currently unavailable)
rNeg     . . .     Spirit   .   b - +4 faerie dragon scales {Drain rPois rCorr SInv}
rPois    +         Reflect  .   (helmet restricted)
rElec    +         Harm     .   (no cloak)
rCorr    +         Rampage  .   (no gloves)
Will     +....     NoTele   +   (no boots)
Stlth    ++........             s - amulet of Ugyij {Faith Fragile Regen+ Str+5 SInv}
HPRegen  1.35/turn              l - ring of protection from cold
MPRegen  0.13/turn              o - ring "Hihuj" {rC+ Dex+6}

@: no status effects
A: horns 2, retaliatory headbutt, weak 1
0: Orb of Zot
a: Renounce Religion, Berserk, Trog's Hand, Brothers in Arms


You escaped.
You worshipped Trog.
Trog was exalted by your worship.
You visited 1 branch You collected 459 gold pieces.
You spent 401 gold pieces at shops.

Inventory:

Hand Weapons
 a - the +10 battleaxe of Domination (weapon) {holy, rElec rC- rCorr Int+3 Dex-2 SInv}
   (You bought it in a shop in the Dungeon)

   It has been blessed by the Shining One to cause great damage to the undead
   and demons.
   It affects your intelligence (+3).
   It affects your dexterity (-2).
   It makes you vulnerable to cold.
   It insulates you from electricity.
   It lets you see invisible.
   It protects you from acid and corrosion.
Missiles
 h - 2 curare-tipped darts
 p - a throwing net
Armour
 b - the +4 faerie dragon scales (worn) {Drain rPois rCorr SInv}
   (You took it off the Enchantress in the Dungeon)

   It protects you from poison.
   It lets you see invisible.
   It protects you from acid and corrosion.
   It drains your maximum health when unequipped.
Jewellery
 k - the ring "Ecuatei" {rF- rN+++ Str+6 Int-5 SInv}
   (You found it in the Dungeon)

   [ring of strength]

   It affects your strength (+6).
   It affects your intelligence (-5).
   It makes you vulnerable to fire.
   It renders you almost immune to negative energy.
   It lets you see invisible.
 l - a ring of protection from cold (left hand)
 o - the ring "Hihuj" (right hand) {rC+ Dex+6}
   (You found it in the Dungeon)

   [ring of protection from cold]

   It affects your dexterity (+6).
   It protects you from cold.
 q - the ring of Shadows {Umbra +Inv Stlth+}
   (You found it in the Dungeon)

   [ring of stealth]

   It lets you turn invisible.
   It makes you more stealthy.
 s - the amulet of Ugyij (around neck) {Faith Fragile Regen+ Str+5 SInv}
   (You found it in the Dungeon)

   [amulet of faith]

   It allows you to gain divine favour quickly.
   It affects your strength (+5).
   It lets you see invisible.
   It increases your rate of health regeneration.
   It will be destroyed if unequipped.
Potions
 c - a potion of curing
 d - a potion of cancellation {unknown}
 f - 2 potions of magic
 g - a potion of berserk rage
 m - a potion of heal wounds
 n - a potion of mutation {unknown}
Miscellaneous
 r - a piece from Xom's chessboard (15/15)


   Skills:
 + Level 21.4 Fighting
 + Level 23.2 Axes
 + Level 13.6 Armour
 + Level 13.1 Dodging
 + Level 15.8 Stealth
 + Level 10.8 Evocations


You had 13 spell levels left.
You didn't know any spells.
Your spell library was empty.

Dungeon Overview and Level Annotations

Branches:
Dungeon (1/1)

Altars:
Cheibriados
Dithmenos
Elyvilon
Gozag
Hepliaklqana
Kikubaaqudgha
Makhleb
Nemelex Xobeh
Okawaru
Qazlal
Ru
Sif Muna
Trog
Uskayaw
Vehumet
Wu Jian
Xom
Yredelemnul
Zin
The Shining One
Beogh
Jiyva
Lugonu

Shops:
D =:([((=*(*?:=**((*!(=


Innate Abilities, Weirdness & Mutations

You have a pair of horns on your head.
You reflexively headbutt those who attack you in melee.
You are weak. (Str -2)


Message History

An Orb Guardian comes into view.
There is an open door here.
There is an open door here.
You barely miss the Orb Guardian. The Orb Guardian hits you!!
You slice the Orb Guardian like a ripe choko!!!
Your headbutt misses the Orb Guardian.
The Orb Guardian is severely wounded.
The Orb Guardian hits you!
You slice the Orb Guardian!!
You kill the Orb Guardian!
Trog accepts your kill.
Your Fighting skill increases to level 21!
Your Dodging skill increases to level 13!
There is an open door here.
There is an open door here.
You see here a +0 quarterstaff.
A lorocyproca comes into view.
There is an open door here.
You closely miss the lorocyproca. The lorocyproca closely misses you.
You furiously retaliate!
You headbutt the lorocyproca. You completely miss the lorocyproca.
Your headbutt misses the lorocyproca.
The lorocyproca is lightly wounded.
The lorocyproca closely misses you.
You slash the lorocyproca!
The lorocyproca convulses!
The lorocyproca is moderately wounded.
You barely miss the lorocyproca. You headbutt the lorocyproca!
The lorocyproca is heavily wounded.
The lorocyproca hits you but does no damage.
You hit the lorocyproca.
The lorocyproca convulses.
You headbutt the lorocyproca!
The lorocyproca is almost dead.
The lorocyproca hits you.
You feel your power leaking away.
You slice the lorocyproca like a ripe choko!!!
You kill the lorocyproca!
Trog accepts your kill.
You have reached level 14!
There is an open door here.
There is a staircase leading out of the dungeon here.
You have escaped!

##################
#@...#.....#.....#
#PP..'.....'.#)..'
#PPP.#.....#.#...#
###############'##
#...♣........'...#
#......♣.....#...#
#.....♣..♣..######
##'####'######..[.
#..#....'.......#♣


There were no monsters in sight!

Vanquished Creatures
  A pandemonium lord (D)
  the Enchantress (D)
  An Orb Guardian (D)
  2 ghost moths (D)
  5 spriggan defenders (D)
  An angel (D)
  2 lorocyprocas (D)
  A monstrous demonspawn (D)
  5 spriggan berserkers (D)
  3 spriggan druids (D)
  A shadow demon (D)
  25 oklob plants (D)
  3 moths of wrath (D)
  An orange demon (D)
  4 demonic crawlers (D)
  2 queen bees (D)
  3 burning bushes (D)
  10 hornets (D)
  3 wandering mushrooms (D)
  4 scorpions (D)
  4 killer bees (D)
  5 oklob saplings (D)
  11 spriggans (D)
  A river rat (D)
  A rat (D)
  A ballistomycete spore (D)
  2 bushes (D)
103 creatures vanquished.

Vanquished Creatures (collateral kills)
  A Brimstone Fiend (D)
  A lich (D)
  Agnes (D)
  A spriggan defender (D)
  A spriggan druid (D)
  A red devil (D)
6 creatures vanquished.

Vanquished Creatures (others)
  A ballistomycete spore (D)
  A bush (D)
  6 fungi (D)
8 creatures vanquished.

Grand Total: 117 creatures vanquished

Notes
Turn   | Place    | Note
-------+----------+-------------------------------------------
     0 | D        | mhtbhm the Minotaur Berserker began the quest for the Orb.
     0 | D        | Reached XP level 1. HP: 19/19 MP: 0/0
    10 | D        | Reached skill level 4 in Axes
    10 | D        | Reached XP level 2. HP: 28/28 MP: 1/1
    87 | D        | Noticed an oklob sapling
    91 | D        | Killed an oklob sapling
    91 | D        | Reached ** piety under Trog
    92 | D        | Reached skill level 5 in Fighting
    92 | D        | Reached skill level 6 in Axes
    92 | D        | Reached XP level 3. HP: 37/37 MP: 2/2
   333 | D        | Noticed a scorpion
   334 | D        | Found the amulet of invisibility {+Inv}
   337 | D        | Killed a scorpion
   338 | D        | Reached skill level 7 in Axes
   338 | D        | Reached XP level 4. HP: 47/47 MP: 3/3
   391 | D        | Found an opulent altar of Gozag.
   391 | D        | Found a hazy altar of Hepliaklqana.
   391 | D        | Found a burning altar of Makhleb.
   391 | D        | Found a sparkling altar of Nemelex Xobeh.
   391 | D        | Found a snail-covered altar of Cheibriados.
   391 | D        | Found a sacrificial altar of Ru.
   391 | D        | Found a shimmering blue altar of Sif Muna.
   391 | D        | Found a shimmering altar of Xom.
   391 | D        | Found a basalt altar of Yredelemnul.
   392 | D        | Found a viscous altar of Jiyva.
   392 | D        | Found a bloodstained altar of Trog.
   392 | D        | Found an ornate altar of the Wu Jian Council.
   393 | D        | Found an iron altar of Okawaru.
   393 | D        | Found a shadowy altar of Dithmenos.
   393 | D        | Found a glowing silver altar of Zin.
   394 | D        | Found an ancient bone altar of Kikubaaqudgha.
   394 | D        | Found a hide-covered altar of Uskayaw.
   395 | D        | Found a stormy altar of Qazlal.
   395 | D        | Found a white marble altar of Elyvilon.
   395 | D        | Found a glowing golden altar of the Shining One.
   396 | D        | Found a corrupted altar of Lugonu.
   396 | D        | Found a radiant altar of Vehumet.
   405 | D        | Reached skill level 8 in Axes
   405 | D        | Reached XP level 5. HP: 53/53 MP: 2/4
   538 | D        | Reached *** piety under Trog
   539 | D        | Reached skill level 9 in Axes
   539 | D        | Reached skill level 1 in Stealth
   735 | D        | Reached skill level 1 in Evocations
   738 | D        | Reached skill level 10 in Axes
   738 | D        | Reached skill level 5 in Dodging
   738 | D        | Reached XP level 6. HP: 64/64 MP: 5/5
   779 | D        | Found Dezups's General Store.
   779 | D        | Found Xustrof's Assorted Antiques.
   790 | D        | Noticed a burning bush
   790 | D        | Noticed a wandering mushroom
   796 | D        | Noticed a wandering mushroom
   800 | D        | Reached **** piety under Trog
   801 | D        | Killed a wandering mushroom
   802 | D        | Reached skill level 10 in Fighting
   802 | D        | Reached skill level 11 in Axes
   802 | D        | Reached skill level 5 in Armour
   805 | D        | Killed a wandering mushroom
   806 | D        | Reached skill level 12 in Axes
   806 | D        | Reached XP level 7. HP: 55/74 MP: 3/6
   813 | D        | Killed a burning bush
   814 | D        | Reached skill level 13 in Axes
   815 | D        | Found Zeqobiq's Distillery.
   815 | D        | Found Gyusule's General Store.
  1089 | D        | Noticed a queen bee
  1103 | D        | Reached ***** piety under Trog
  1106 | D        | Reached XP level 8. HP: 83/83 MP: 5/7
  1112 | D        | Killed a queen bee
  1159 | D        | Noticed an oklob plant
  1169 | D        | Killed an oklob plant
  1169 | D        | Received a gift from Trog
  1170 | D        | Reached skill level 14 in Axes
  1170 | D        | Reached skill level 5 in Stealth
  1229 | D        | Noticed a burning bush
  1235 | D        | Killed a burning bush
  1282 | D        | Noticed a burning bush
  1282 | D        | Noticed an oklob plant
  1284 | D        | Noticed a wandering mushroom
  1286 | D        | Killed a burning bush
  1287 | D        | Reached skill level 5 in Evocations
  1287 | D        | Reached XP level 9. HP: 83/92 MP: 5/8
  1300 | D        | Killed an oklob plant
  1301 | D        | Reached skill level 15 in Axes
  1307 | D        | Identified the ring "Ecuatei" {rF- rN+++ Str+6 Int-5 SInv}
  1528 | D        | Noticed a spriggan druid
  1531 | D        | Killed a spriggan druid
  1575 | D        | Noticed an oklob plant conjurer
  1578 | D        | Killed an oklob plant conjurer
  1803 | D        | Noticed an oklob plant
  1803 | D        | Noticed an oklob plant summoner
  1804 | D        | Noticed an oklob plant shifter
  1812 | D        | Killed an oklob plant
  1812 | D        | Reached ****** piety under Trog
  1813 | D        | Reached skill level 16 in Axes
  1813 | D        | Reached XP level 10. HP: 102/102 MP: 7/9
  1814 | D        | Killed an oklob plant summoner
  1814 | D        | Received a gift from Trog
  2311 | D        | Killed an oklob plant shifter
  2582 | D        | Noticed a spriggan rider
  2583 | D        | Found Kiheh's Antique Weapon Emporium.
  2596 | D        | Found Vuyz's Jewellery Shoppe.
  2688 | D        | Noticed Agnes
  2693 | D        | Killed Agnes
  2694 | D        | Reached skill level 17 in Axes
  2694 | D        | Reached skill level 10 in Stealth
  2914 | D        | Found Imuqo's Weapon Emporium.
  2914 | D        | Noticed a spriggan berserker
  2916 | D        | Found Ulocvip's Weapon Shoppe.
  2917 | D        | Noticed a spriggan defender
  2930 | D        | Killed a spriggan defender
  2969 | D        | Identified the ring "Hihuj" {rC+ Dex+6}
  3121 | D        | Killed a spriggan berserker
  3296 | D        | Noticed a spriggan rider
  3301 | D        | Received a gift from Trog
  3309 | D        | Reached XP level 11. HP: 106/111 MP: 10/10
  3493 | D        | Found Piniq's Jewellery Shoppe.
  3493 | D        | Found Riumn's Book Boutique.
  3493 | D        | Found Ebedo's Weapon Emporium.
  3503 | D        | Killed a ghost moth
  3504 | D        | Reached skill level 15 in Fighting
  3504 | D        | Reached skill level 18 in Axes
  3652 | D        | Noticed an oklob plant shifter
  3652 | D        | Noticed an oklob plant meteorologist
  3657 | D        | Killed an oklob plant meteorologist
  3657 | D        | Received a gift from Trog
  3668 | D        | Killed an oklob plant shifter
  3861 | D        | Noticed a spriggan rider
  3865 | D        | Reached skill level 10 in Armour
  4101 | D        | Found Keuskiat's Weapon Shoppe.
  4101 | D        | Found Foeda's Weapon Boutique.
  4101 | D        | Found Suimuw's Antique Armour Shop.
  4101 | D        | Found Usoucw's General Store.
  4101 | D        | Found Opockaz's Jewellery Shoppe.
  4102 | D        | Found Astapt's Assorted Antiques.
  4102 | D        | Found Zadwatufromn's Magic Scroll Shop.
  4102 | D        | Found Obliob's Weapon Boutique.
  4222 | D        | Bought a slimy battleaxe for 207 gold pieces
  4222 | D        | Identified the +10 battleaxe of Domination {holy, rElec rC-
                  | rCorr Int+3 Dex-2 SInv} (You bought it in a shop in the
                  | Dungeon)
  4292 | D        | Noticed an oklob plant summoner
  4293 | D        | Found Ocetin's Book Emporium.
  4294 | D        | Found Narhodi's Jewellery Shop.
  4299 | D        | Killed an oklob plant summoner
  4299 | D        | Received a gift from Trog
  4305 | D        | Noticed an oklob plant demonologist
  4305 | D        | Noticed an oklob plant annihilator
  4317 | D        | Gained mutation: You are weak. (Str -2) [mutagenic glow]
  4514 | D        | Noticed a spriggan berserker
  4515 | D        | Found the ring of Shadows {Umbra +Inv Stlth+}
  4524 | D        | Killed a spriggan berserker
  4527 | D        | Killed an oklob plant annihilator
  4530 | D        | Noticed a sun demon
  4531 | D        | Killed an oklob plant demonologist
  4532 | D        | Reached skill level 19 in Axes
  4600 | D        | Identified the amulet of Ugyij {Faith Fragile Regen+ Str+5
                  | SInv}
  4639 | D        | Noticed an oklob plant
  4639 | D        | Noticed an oklob plant
  4639 | D        | Noticed an oklob plant
  4639 | D        | Noticed an oklob plant
  4639 | D        | Noticed an oklob plant
  4639 | D        | Noticed an oklob plant
  4640 | D        | Noticed an oklob plant
  4643 | D        | Killed an oklob plant
  4643 | D        | Received a gift from Trog
  4644 | D        | Noticed an oklob plant
  4646 | D        | Killed an oklob plant
  4647 | D        | Noticed an oklob plant
  4652 | D        | Killed an oklob plant
  4653 | D        | Noticed an oklob plant
  4658 | D        | Killed an oklob plant
  4659 | D        | Noticed an oklob plant
  4662 | D        | Killed an oklob plant
  4663 | D        | Reached skill level 10 in Evocations
  4663 | D        | Noticed an oklob plant
  4667 | D        | Killed an oklob plant
  4673 | D        | Killed an oklob plant
  4674 | D        | Reached XP level 12. HP: 87/124 MP: 11/11
  4919 | D        | Received a gift from Trog
  5098 | D        | Noticed a spriggan defender
  5098 | D        | Noticed a spriggan defender
  5117 | D        | Killed a spriggan defender
  5118 | D        | Reached skill level 20 in Axes
  5132 | D        | Killed a spriggan defender
  5267 | D        | Received a gift from Trog
  5620 | D        | Bought a scroll of blinking for 97 gold pieces
  5620 | D        | Bought a scroll of blinking for 97 gold pieces
  5670 | D        | Received a gift from Trog
  5798 | D        | Noticed a spriggan defender
  5801 | D        | Reached skill level 10 in Dodging
  5807 | D        | Killed a spriggan defender
  5807 | D        | Received a gift from Trog
  5808 | D        | Reached skill level 21 in Axes
  6144 | D        | Noticed the Enchantress
  6163 | D        | Killed the Enchantress
  6244 | D        | Reached XP level 13. HP: 134/134 MP: 12/12
  6358 | D        | Reached skill level 15 in Stealth
  6534 | D        | Received a gift from Trog
  6702 | D        | Noticed a ghost moth
  6715 | D        | Killed a ghost moth
  6868 | D        | Received a gift from Trog
  6978 | D        | Noticed a spriggan defender
  6982 | D        | Noticed a spriggan defender
  6988 | D        | Killed a spriggan defender
  6994 | D        | Killed a spriggan defender
  6995 | D        | Reached skill level 22 in Axes
  7033 | D        | Got the Orb of Zot
  7063 | D        | Noticed an angel
  7072 | D        | Killed an angel
  7075 | D        | Noticed Ludiadghyo the pandemonium lord
  7075 | D        | Noticed a lich
  7075 | D        | Noticed a Brimstone Fiend
  7080 | D        | Killed a Brimstone Fiend
  7081 | D        | Killed a lich
  7081 | D        | Received a gift from Trog
  7106 | D        | Killed Ludiadghyo the pandemonium lord
  7161 | D        | Noticed a cacodemon
  7216 | D        | Noticed a lorocyproca
  7220 | D        | Killed a lorocyproca
  7220 | D        | Received a gift from Trog
  7223 | D        | Noticed a cacodemon
  7245 | D        | Reached skill level 23 in Axes
  7248 | D        | Noticed an Orb Guardian
  7257 | D        | Killed an Orb Guardian
  7268 | D        | Noticed a lorocyproca
  7277 | D        | Killed a lorocyproca
  7278 | D        | Reached XP level 14. HP: 112/151 MP: 0/13
  7288 | D        | Escaped with the Orb!

Illustrated notes

Levels and vault maps discovered:
D:        dungeon_sprint_fedhas [sprint_temple]

Skill      XL: |  1  2  3  4  5  6  7  8  9 10 11 12 13 |
---------------+----------------------------------------+-----
Fighting       | 4 5 7 8 9 11 12 13 14 16 18 21 | 21.4
Axes           | 4 6 7 8 10 12 13 14 16 17 19 21 23 | 23.2
Armour         | 3 4 5 6 7 9 10 11 13 | 13.6
Dodging        | 3 4 5 6 7 8 9 10 13 | 13.1
Stealth        | 2 3 4 6 8 10 12 14 15 | 15.8
Evocations     | 1 2 3 5 6 8 10 | 10.8

Action                   |  1- 3 |  4- 6 |  7- 9 | 10-12 | 13-15 || total
-------------------------+-------+-------+-------+-------+-------++-------
Melee: Hand axe          |     8 |    20 |    34 |       |       ||    62
       Headbutt          |     1 |     6 |    16 |    42 |    19 ||    84
       Broad axe         |       |       |    27 |    55 |       ||    82
       Battleaxe         |       |       |       |   108 |    76 ||   184
       War axe           |       |       |       |    21 |       ||    21
Invok: Berserk           |     3 |     3 |     7 |    12 |     4 ||    29
       Brothers in Arms  |       |       |       |     6 |     2 ||     8
 Abil: Evoke Invisibilit |       |     2 |     3 |     8 |       ||    13
Evoke: Piece from Xom's  |       |       |       |       |     1 ||     1
  Use: Potion            |       |       |       |     3 |     1 ||     4
       Scroll            |       |       |       |     3 |       ||     3
 Stab: Invisible         |       |     3 |     7 |    16 |       ||    26
       Sleeping          |       |       |     3 |     7 |     1 ||    11
Armor: Ring mail         |       |       |     2 |    15 |       ||    17
       Acid dragon scale |       |       |       |       |    20 ||    20
Dodge: Dodged            |     2 |     4 |    13 |    56 |    43 ||   118

Table legend: (Time is in decaauts)
 A = Elapsed time spent in this place.
 B = Non-inter-level travel time spent in this place.
 C = Inter-level travel time spent in this place.
 D = Time resting spent in this place.
 E = Time spent auto-exploring this place.
 F = Levels seen in this place.
 G = Mean time per level.
                   A        B        C        D        E       F      G
               +--------+--------+--------+--------+--------+-----+--------+
         Total |   7451 |   7298 |    153 |   5693 |     30 |   1 | 7451.0 |
       Dungeon |   7451 |   7298 |    153 |   5693 |     30 |   1 | 7451.0 |
               +--------+--------+--------+--------+--------+-----+--------+

Top non-repeatable levels by time:
       D: 7451 daAuts
